 Dungeon Crawl Stone Soup version 0.17.2-1-ge4368a0 (webtiles) character file.

1709 Charly the Martial Artist (level 9, -3/67 HPs)
             Began as a Vine Stalker Warper on July 9, 2017.
             Was a Believer of Cheibriados.
             Slain by Snorg (5 damage)
             ... on level 10 of the Dungeon.
             The game lasted 00:28:20 (1700 turns).

Charly the Martial Artist (Vine Stalker Warper)     Turns: 1700, Time: 00:28:20

Health: -3/67      AC: 11    Str: 26    XL:     9   Next: 3%
Magic:  0/13       EV: 15    Int: 19    God:    Cheibriados [**....]
Gold:   154        SH:  0    Dex: 22    Spells: 5 memorised, 2 levels left

rFire  + . .     SeeInvis .       - Unarmed
rCold  . . .     Clarity  .     a - +0 leather armour
rNeg   + . .     SustAt   .     (no shield)
rPois  .         Gourm    .     (no helmet)
rElec  .         Spirit   +     k - +0 cloak
rCorr  .         Warding  +     (no gloves)
rMut   .         Stasis   .     h - +1 pair of boots
MR     +....                    s - amulet of warding
Stlth  ..........               p - ring of protection from fire
                                i - +5 ring of protection

@: mighty, berserking, very slightly contaminated, very slow, somewhat resistant
to hostile enchantments, extremely unstealthy
A: fangs 3, regeneration 2, magic shield, antimagic bite, no device heal 3, rot
immunity
a: Bend Time, Renounce Religion


You were on level 10 of the Dungeon.
You worshipped Cheibriados.
Cheibriados was pleased with you.
You were not hungry.

You visited 2 branches of the dungeon, and saw 12 of its levels.
You also visited: Ossuary.

You collected 184 gold pieces.
You spent 30 gold pieces at shops.

Inventory:

Hand Weapons
 B - a +1 blowgun
Missiles
 d - 5 tomahawks of dispersal (quivered)
Armour
 a - a +0 leather armour (worn)
 h - a +1 pair of boots (worn)
 k - a +0 cloak (worn)
Jewellery
 i - a +5 ring of protection (left hand)
 p - a ring of protection from fire (right hand)
 s - an amulet of warding (around neck)
Wands
 E - a wand of teleportation (0)
Scrolls
 j - 2 scrolls of enchant armour
 l - a scroll of magic mapping
 u - 3 scrolls of remove curse
Potions
 f - 2 potions of heal wounds
 q - a potion of berserk rage
 v - 2 potions of ambrosia
 w - a potion of lignification {unknown}
 x - a potion of curing
 z - a potion of cure mutation {unknown}
 A - 2 potions of haste
Books
 b - a book of Spatial Translocations

   Spells                             Type                      Level
   a - Apportation                    Translocation                1
   b - Blink                          Translocation                2
   c - Shroud of Golubria             Charms/Translocation         2
   d - Portal Projectile              Translocation                3
   e - Teleport Other                 Translocation                3
   f - Passage of Golubria            Translocation                4
 r - a book of Geomancy

   Spells                             Type                      Level
   a - Sandblast                      Earth                        1
   b - Stoneskin                      Transmutation/Earth          2
   c - Passwall                       Transmutation/Earth          3
   d - Stone Arrow                    Conjuration/Earth            3
   e - Petrify                        Transmutation/Earth          4
   f - Lee's Rapid Deconstruction     Earth                        5
 C - a book of Enchantments

   Spells                             Type                      Level
   a - Cause Fear                     Hexes                        4
   b - Silence                        Hexes/Air                    5
   c - Deflect Missiles               Charms/Air                   6
   d - Haste                          Charms                       6
   e - Discord                        Hexes                        8
 F - a book of the Tempests

   Spells                             Type                      Level
   a - Static Discharge               Conjuration/Air              3
   b - Lightning Bolt                 Conjuration/Air              5
   c - Fireball                       Conjuration/Fire             5
   d - Tornado                        Air                          9
   e - Shatter                        Earth                        9


   Skills:
 + Level 4.2 Fighting
 - Level 0.8 Throwing
 - Level 0.7 Armour
 + Level 3.8 Dodging
 + Level 9.7 Unarmed Combat
 - Level 2.1 Spellcasting
 - Level 3.0 Translocations


You had 2 spell levels left.
You knew the following spells:

 Your Spells              Type           Power        Failure   Level  Hunger
a - Apportation           Tloc           ##........   6%          1    #......
b - Blink                 Tloc           N/A          10%         2    ##.....
g - Shroud of Golubria    Chrm/Tloc      #.........   17%         2    ##.....
s - Stoneskin             Trmt/Erth      #.......     28%         2    ##.....
t - Teleport Other        Tloc           ##......     17%         3    ###....


Dungeon Overview and Level Annotations

Branches:
Dungeon (11/15)            Temple (1/1) D:6            Lair (0/8) D:10
    Orc: D:9-12

Altars:
Cheibriados
Dithmenos
Elyvilon
Fedhas
Gozag
Kikubaaqudgha
Nemelex Xobeh
Ru
Trog
Vehumet
Xom
Yredelemnul
Zin
The Shining One

Shops:
D:7 (

Annotations:
D:10 Snorg
D:11 Erolcha


Innate Abilities, Weirdness & Mutations

You have razor-sharp teeth.
You heal very quickly.
When hurt, damage is shared between your health and your magic reserves.
Your bite disrupts and absorbs the magic of your enemies.
Potions and wands cannot restore your health.
You are immune to rotting.


Message History

Snorg closely misses you. Snorg claws you!
* * * LOW HITPOINT WARNING * * *
Snorg claws you.
* * * LOW HITPOINT WARNING * * *
The orc completely misses you.
Unknown command.
You barely miss Snorg. Your punch misses Snorg. You bite Snorg!
You drain his power.
You feel invigorated.
Snorg is heavily wounded.
Snorg closely misses you. Snorg misses you. Snorg claws you!
* * * LOW HITPOINT WARNING * * *
The kobold throws a stone.
The stone misses you.
Unknown command.
Unknown command.
You pummel Snorg!! Your bite misses Snorg.
Snorg is severely wounded.
Snorg bites you!
* * * LOW HITPOINT WARNING * * *
Snorg claws you but does no damage. Snorg claws you!
You die...

.#
#...###########.##
..#.o............#
#....o..o.?......#
.
#.....ยง........#
#..o...o.........#
..#..............#
#..............).#
.###...........(@#
# #..........KTo#
#..........KKK#
#...........).#
......([(.#
####.###### #. #
#######+#


You could see Snorg (berserk), an orc and 4 kobolds.

Vanquished Creatures
  Pikel (D:6)
  A troll (D:10)
  Eustachio (D:6)
  A hungry ghost (D:9)
  2 slaves (D:6)
  A big kobold (D:10)
  A centaur (D:6)
  2 water moccasin zombies (Ossuary)
  A crimson imp (D:9)
  A jelly (D:9)
  2 orc wizards (D:10)
  2 quasits
  A centaur zombie (D:6)
  2 iguanas
  A big kobold zombie (Ossuary)
  A hound zombie (D:6)
  2 mummies (Ossuary)
  2 adders
  7 gnolls
  2 shadow imps
  6 adder zombies (Ossuary)
  A giant gecko (D:9)
  11 orcs
  4 bats
  4 giant cockroaches
  A goblin (D:2)
  3 hobgoblins
  4 jackals (D:9)
  6 kobolds
  3 quokkas
  3 gnoll zombies (Ossuary)
  4 hobgoblin zombies (Ossuary)
  3 kobold zombies (Ossuary)
  4 orc zombies (Ossuary)
  3 rats
94 creatures vanquished.

Vanquished Creatures (others)
  A slave (D:6)
1 creature vanquished.

Grand Total: 95 creatures vanquished

Notes
Turn   | Place    | Note
--------------------------------------------------------------
     0 | D:1      | Charly the Vine Stalker Warper began the quest for the Orb.
     0 | D:1      | Reached XP level 1. HP: 11/11 MP: 4/4
    10 | D:2      | Found an opulent altar of Gozag.
    66 | D:2      | Reached XP level 2. HP: 13/15 MP: 6/6
    88 | D:2      | Learned a level 2 spell: Blink
    91 | D:2      | Learned a level 2 spell: Shroud of Golubria
   114 | D:2      | +5ac
   314 | D:4      | Found a blossoming altar of Fedhas.
   314 | D:4      | Found a shadowy altar of Dithmenos.
   344 | D:4      | Reached XP level 3. HP: 9/18 MP: 3/7
   357 | D:5      | Entered Level 5 of the Dungeon
   395 | D:6      | Noticed Eustachio
   419 | D:6      | Killed Eustachio
   419 | D:6      | Reached skill level 5 in Unarmed Combat
   419 | D:6      | Reached XP level 4. HP: 19/23 MP: 6/8
   419 | D:6      | Reached XP level 5. HP: 21/26 MP: 6/9
   433 | D:6      | Found a staircase to the Ecumenical Temple.
   442 | Temple   | Entered the Ecumenical Temple
   521 | Temple   | Became a worshipper of Cheibriados the Contemplative
   540 | D:6      | Learned a level 3 spell: Teleport Other
   632 | D:6      | Noticed a slave
   632 | D:6      | Noticed a slave
   634 | D:6      | Noticed Pikel
   642 | D:6      | Found a sand-covered staircase.
   647 | Ossuary  | Entered an ossuary
   723 | Ossuary  | Gained mutation: You heal very quickly. [Vine Stalker growth]
   723 | Ossuary  | Reached XP level 6. HP: 21/30 MP: 10/10
   730 | Ossuary  | Reached skill level 6 in Unarmed Combat
   763 | Ossuary  | Reached * piety under Cheibriados
   853 | D:6      | Killed a slave
   869 | D:6      | Killed a slave
   875 | D:6      | Noticed an ogre
   916 | D:6      | Book Geo
   919 | D:6      | Noticed a slave
   920 | D:6      | Noticed a slave
   922 | D:6      | Noticed a centaur
   955 | D:6      | Killed Pikel
   955 | D:6      | Reached XP level 7. HP: 35/37 MP: 11/11
   955 | D:6      | Killed a freed slave
   961 | D:6      | Gained mutation: You have razor-sharp teeth. [Vine Stalker growth]
   961 | D:6      | Reached XP level 8. HP: 39/42 MP: 12/12
   979 | D:6      | Killed a centaur
   979 | D:6      | Reached skill level 7 in Unarmed Combat
  1012 | D:7      | Found Iroixuf's Weapon Emporium.
  1019 | D:7      | Learned a level 2 spell: Stoneskin
  1026 | D:7      | Bought a +0 blowgun for 30 gold pieces
  1101 | D:10     | Entered Level 10 of the Dungeon
  1198 | D:8      | wand Tele
  1254 | D:9      | Reached skill level 8 in Unarmed Combat
  1330 | D:10     | Noticed a gargoyle
  1345 | D:9      | Reached ** piety under Cheibriados
  1360 | D:10     | Noticed a gargoyle
  1481 | D:10     | Got a crude spear
  1482 | D:10     | Identified the +9 spear "Peibum" {speed, -Tele Str+7} (You found it on level 10 of the Dungeon)
  1486 | D:10     | Found a staircase to the Lair.
  1496 | D:11     | Noticed a centaur zombie
  1500 | D:11     | Noticed Erolcha
  1503 | D:10     | Noticed a fire drake
  1508 | D:10     | Noticed Snorg
  1632 | D:10     | Noticed a troll
  1637 | D:10     | Killed a troll
  1637 | D:10     | Reached skill level 9 in Unarmed Combat
  1684 | D:10     | Identified a scroll of acquirement
  1686 | D:10     | Reached XP level 9. HP: 5/45 MP: 13/13
  1700 | D:10     | HP: 2/67 [Snorg (5)]
  1700 | D:10     | Slain by Snorg

Action                   |  1- 3 |  4- 6 |  7- 9 || total
-------------------------+-------+-------+-------++-------
Melee: Unarmed           |   106 |   151 |   144 ||   401
 Cast: Shroud of Golubri |       |     4 |     3 ||     7
       Teleport Other    |       |     3 |       ||     3
       Blink             |       |       |     1 ||     1
Evoke: Wand              |     8 |     1 |     1 ||    10
  Use: Scroll            |     2 |     3 |    13 ||    18
       Potion            |       |       |     4 ||     4
 Stab: Sleeping          |       |       |     1 ||     1
  Eat: Beef jerky        |       |     1 |       ||     1
       Bread ration      |       |       |     1 ||     1
